 Dungeon Crawl Stone Soup version 0.30.1-3-gfc49f6343a (webtiles) character file.

Game seed: 2289087015840610004

188 safid the Chiller (level 5, -5/41 HPs)
             Began as a Merfolk Ice Elementalist on Aug 3, 2023.
             Slain by a gnoll bouda
             ... wielding a +0 club
              (6 damage)
             ... on level 4 of the Dungeon.
             The game lasted 00:02:53 (2405 turns).

safid the Chiller (Merfolk Ice Elementalist)        Turns: 2405, Time: 00:02:55

Health: -5/41      AC: 10    Str:  8    XL:     5   Next: 67%
Magic:  10/10      EV: 12    Int: 17    God:
Gold:   182        SH:  0    Dex: 14    Spells: 3/10 levels left

rFire   . . .        p - +2 dagger (venom)
rCold   . . .        (no shield)
rNeg    + . .        a - +0 robe
rPois   .            (no helmet)
rElec   .            (no cloak)
rCorr   .            c - +0 pair of gloves
SInv    .            j - +0 pair of boots
Will    .....        (no amulet)
Stlth   ++           d - ring of flight
HPRegen 0.26/turn    k - ring of positive energy
MPRegen 0.12/turn

%: no passive effects
@: lethally poisoned (-5 -> -10), ice-armoured, weakened, freezing walls,
attractive, flying, invisible
A: (nimble swimmer 2), mertail
a: no special abilities


You were on level 4 of the Dungeon.
You visited 1 branch of the dungeon, and saw 4 of its levels.

You collected 182 gold pieces.

Inventory:

Hand Weapons
 p - a +2 dagger of venom (weapon)
Armour
 a - a +0 robe (worn)
 c - a +0 pair of gloves (worn)
 j - a +0 pair of boots (worn)
Jewellery
 d - a ring of flight (left hand)
 k - a ring of positive energy (right hand)
Scrolls
 e - a scroll of immolation {unknown}
 g - 2 scrolls of silence {unknown}
 h - 2 scrolls of amnesia {unknown}
 i - 4 scrolls of identify {unknown}
 l - a scroll of blinking {unknown}
 r - 3 scrolls of vulnerability {unknown}
 s - a scroll of enchant weapon {unknown}
 t - 2 scrolls of teleportation {unknown}
 u - a scroll of enchant armour {unknown}
Potions
 n - a potion of lignification {unknown}
 o - a potion of heal wounds {unknown}
 q - a potion of might {unknown}
 v - a potion of curing {unknown}
 w - a potion of resistance {unknown}


   Skills:
 + Level 3.1 Fighting
 - Level 2.6 Dodging
 - Level 2.1 Stealth
 + Level 3.3 Spellcasting
 + Level 5.6 Ice Magic


You had 3 spell levels left.
You knew the following spells:

 Your Spells              Type           Power      Damage    Failure   Level
a - Freeze                Ice            84%        1d9       1%          1
b - Frozen Ramparts       Ice            42%        1d7       4%          3
c - Ozocubu's Armour      Ice            21%        N/A       4%          3

Your spell library contained the following spells:

 Spells                   Type           Power      Damage    Failure   Level
 Summon Ice Beast         Ice/Summ       12%        N/A       47%         4


Dungeon Overview and Level Annotations

Branches:
Dungeon (4/15)
 Temple: D:4-7

Altars:


Innate Abilities, Weirdness & Mutations

((You are very nimble when in or above water. (Stealth+, EV+, Speed+++)))
Your lower body shifts to a powerful aquatic tail in water.


Message History

The wall freezes the gnoll but does no damage.
The gnoll hits you with a +2 spear of venom!
You are poisoned.
The wall freezes the gnoll bouda.
The gnoll bouda hits you with a +0 club.
Casting: Frozen Ramparts (dangerous; 4% risk of failure)
Confirm with . or Enter, or press ? or * to list all spells.
A film of ice covers your body!
You feel very sick. The gnoll hits you but does no damage.
The wall freezes the gnoll.
The gnoll barely misses you.
The wall freezes the gnoll bouda.
The gnoll bouda hits you with a +0 club.
* * * LOW HITPOINT WARNING * * *
You feel very sick. The gnoll barely misses you.
The wall freezes the gnoll but does no damage. x2
The gnoll hits you with a +2 spear of venom.
* * * LOW HITPOINT WARNING * * *
The wall freezes the gnoll bouda.
The gnoll bouda hits you but does no damage.
It was a potion of invisibility.
You fade into invisibility!
* * * LOW HITPOINT WARNING * * *
You feel very sick. The gnoll misses you.
The wall freezes the gnoll.
The wall freezes the gnoll bouda.
It was a potion of attraction.
You feel attractive to monsters.
* * * LOW HITPOINT WARNING * * *
You feel sick. The gnoll closely misses you.
The wall freezes the gnoll.
The wall freezes the gnoll bouda but does no damage.
The gnoll bouda barely misses you. The gnoll is attracted toward you.
Magic courses through your body.
* * * LOW HITPOINT WARNING * * *
You feel sick. The gnoll misses you.
The wall freezes the gnoll.
The gnoll barely misses you.
The wall freezes the gnoll.
The gnoll closely misses you.
The wall freezes the gnoll bouda but does no damage.
The gnoll bouda hits you with a +0 club.
You die...

..............
##'###########.....)..
.............#.......
.............#......#
.............#...>..#
.............#......#
.......[.....#..g.ยง.# .
##.######....#.ggg^.#.#
##.##.###....###@####.##
#......................#
#......................#
#......................#
#.....##..##..##..######
#.....##..######..#####
##....##..#.............
##....##..#.............
#.........#.............


You could see a gnoll bouda (unable to see you) and 3 gnolls.

Vanquished Creatures
  A scorpion (D:3)
  An orc wizard (D:3)
  A gnoll (D:1)
  3 adders (D:2)
  A worm (D:2)
  3 dart slugs
  4 orcs
  6 ball pythons
  A bat (D:1)
  3 endoplasms
  3 giant cockroaches
  7 goblins
  6 hobgoblins
  3 jackals (D:2)
  2 kobolds
  2 quokkas
  2 frilled lizards
  3 rats
52 creatures vanquished.

Notes
Turn   | Place    | Note
-------+----------+-------------------------------------------
     0 | D:1      | safid the Merfolk Ice Elementalist began the quest for the
                  | Orb.
     0 | D:1      | Reached XP level 1. HP: 13/13 MP: 3/3
   193 | D:1      | Reached skill level 1 in Fighting
   193 | D:1      | Reached XP level 2. HP: 13/21 MP: 0/5
   590 | D:1      | Reached XP level 3. HP: 25/26 MP: 6/6
  1063 | D:2      | Reached skill level 5 in Ice Magic
  1115 | D:2      | Reached XP level 4. HP: 28/33 MP: 6/8
  1576 | D:3      | Learned a level 3 spell: Frozen Ramparts
  1580 | D:3      | Learned a level 3 spell: Ozocubu's Armour
  1712 | D:3      | Reached XP level 5. HP: 39/39 MP: 9/9
  2405 | D:4      | HP: 1/41 [poisoned by a gnoll]
  2405 | D:4      | Slain by a gnoll bouda

Illustrated notes

Levels and vault maps discovered:
D:1:      dpeg_arrival_pits, layout_basic
D:2:      layout_rooms
D:3:      layout_loops_ring, minmay_distorted
D:4:      layout_gridville

Skill      XL: |  1  2  3  4  5 |
---------------+----------------+-----
Fighting       | 1 2 3 |  3.1
Ice Magic      | 5 |  5.6
Spellcasting   | 3 |  3.3
Dodging        | |  2.6
Stealth        | |  2.1

Action                     |  1- 3 |  4- 6 || total
---------------------------+-------+-------++-------
  Melee: Unarmed           |     7 |       ||     7
         Quarterstaff      |    30 |    11 ||    41
         Dagger            |       |    48 ||    48
   Cast: Freeze            |    23 |     9 ||    32
         Ozocubu's Armour  |       |     2 ||     2
         Frozen Ramparts   |       |     2 ||     2
    Use: Potion            |       |     3 ||     3
   Stab: Sleeping          |     1 |     4 ||     5
 Armour: Robe              |    19 |    17 ||    36
  Dodge: Dodged            |    35 |    42 ||    77
